 Dungeon Crawl Stone Soup version 0.29.1-14-g9c671dbff4 (webtiles) character file.

Game seed: 7401727287721163394

154 boopmooplesden the Shield-Bearer (level 5, -2/46 HPs)
             Began as a Minotaur Fighter on Feb 16, 2023.
             Slain by an orc
             ... wielding a +1 vorpal trident
              (6 damage)
             ... on level 3 of the Dungeon.
             The game lasted 00:02:48 (2204 turns).

boopmooplesden the Shield-Bearer (Minotaur Fighter) Turns: 2204, Time: 00:02:48

Health: -2/46      AC:  7    Str: 22    XL:     5   Next: 13%
Magic:  4/4        EV:  9    Int:  5    God:
Gold:   216        SH:  5    Dex: 10    Spells: 4/4 levels left

rFire   . . .      SeeInvis .   a - +1 war axe
rCold   . . .      Faith    .   c - +1 buckler
rNeg    . . .      Spirit   .   b - +0 scale mail
rPois   +          Reflect  .   (helmet restricted)
rElec   .          Harm     .   (no cloak)
rCorr   .          Rampage  .   (no gloves)
Will    .....                   (no boots)
Stlth   ..........              (no amulet)
HPRegen 0.15/turn               h - ring of poison resistance
MPRegen 0.09/turn               (no ring)

@: no status effects
A: horns 2, retaliatory headbutt
a: no special abilities


You were on level 3 of the Dungeon.
You visited 1 branch of the dungeon, and saw 3 of its levels.

You collected 216 gold pieces.

Inventory:

Hand Weapons
 a - a +1 war axe (weapon)
Armour
 b - a +0 scale mail (worn)
 c - a +1 buckler (worn)
Jewellery
 f - a ring of see invisible
 h - a ring of poison resistance (left hand)
 l - a ring of wizardry
Scrolls
 g - a scroll of fog
 j - 2 scrolls of identify {unknown}
 k - a scroll of enchant armour
 m - a scroll of immolation {unknown}
 o - a scroll of teleportation {unknown}
Potions
 d - a potion of might
 e - a potion of cancellation {unknown}
 i - a potion of degeneration {unknown}
 n - a potion of brilliance {unknown}
 p - a potion of mutation {unknown}


   Skills:
 + Level 4.1 Fighting
 + Level 4.3 Axes
 + Level 4.5 Armour
 + Level 1.4 Dodging
 + Level 4.5 Shields


You had 4 spell levels left.
You didn't know any spells.
Your spell library contained the following spells:

 Spells                   Type           Power      Damage    Failure   Level
 Sting                    Tmut/Pois      0%         1d3       87%         1
 Poisonous Vapours        Pois/Air       0%         N/A       95%         2
 Olgreb's Toxic Radiance  Pois           0%         N/A       100%        4


Dungeon Overview and Level Annotations

Branches:
Dungeon (3/15)

Altars:


Innate Abilities, Weirdness & Mutations

You have a pair of horns on your head.
You reflexively headbutt those who attack you in melee.


Message History

You block the orc wizard's attack.
You miss the orc wizard.
You headbutt the orc wizard, but do no damage.
The orc wizard is lightly wounded.
You block the orc wizard's attack. The orc wizard closely misses you.
You closely miss the orc wizard.
The orc wizard is lightly wounded.
The orc wizard hits you with a +0 dagger.
You slash the orc wizard! You headbutt the orc wizard.
The orc wizard is almost dead.
The orc wizard hits you but does no damage.
You closely miss the orc wizard. Your headbutt misses the orc wizard.
The orc wizard is almost dead.
The orc wizard hits you with a +0 dagger. x2
You hit the orc wizard.
You kill the orc wizard!
You have reached level 5!
You slash the orc!
You kill the orc!
You hit the orc but do no damage. The orc hits you but does no damage.
You block the orc's attack.
The orc hits you from afar with a +1 vorpal trident!
The orc hits you but does no damage.
You slash the orc!
You kill the orc!
The orc hits you but does no damage. The orc hits you but does no damage.
Items here: )))) [[ †††.
You closely miss the orc.
The orc hits you with a +1 vorpal trident!
* * * LOW HITPOINT WARNING * * *
You hit the orc. Your headbutt misses the orc.
The orc is lightly wounded.
The orc hits you with a +1 vorpal trident.
* * * LOW HITPOINT WARNING * * *
x2 The orc hits you with a +1 vorpal trident.
* * * LOW HITPOINT WARNING * * *
x2 You closely miss the orc.
The orc hits you but does no damage.
The orc hits you from afar with a +1 vorpal trident.
You die...

####. ##. .. ..... . ..
.# ..... .. .. ..# .###.
##.# . ..# .# .... .##..#
####.##.##.#..#####....##
..............o)@.......#
#######........####.##..#
##.##.# #.##..# #.
#.##..# #.#####.....#
...#?....#.#
#.#.###.#.#####.# #
#...###.........#
#..###.#.....#..####.#


You could see an orc.

Vanquished Creatures
  An orc wizard (D:3)
  Robin (D:3)
  3 adders (D:2)
  A dart slug (D:1)
  4 orcs (D:3)
  3 ball pythons
  3 bats
  5 endoplasms
  2 giant cockroaches
  6 hobgoblins
  3 jackals (D:3)
  5 kobolds
  8 quokkas
  5 frilled lizards
  17 goblins
  10 rats (D:1)
77 creatures vanquished.

Notes
Turn   | Place    | Note
-------+----------+-------------------------------------------
     0 | D:1      | boopmooplesden the Minotaur Fighter began the quest for the
                  | Orb.
     0 | D:1      | Reached XP level 1. HP: 19/19 MP: 0/0
   180 | D:1      | Reached XP level 2. HP: 22/27 MP: 1/1
   672 | D:1      | Reached XP level 3. HP: 33/33 MP: 2/2
  1160 | D:2      | Reached skill level 1 in Dodging
  1349 | D:2      | Found a faded altar of an unknown god.
  1357 | D:2      | Reached XP level 4. HP: 40/40 MP: 3/3
  1784 | D:3      | Noticed Robin
  1795 | D:3      | Killed Robin
  2197 | D:3      | Reached XP level 5. HP: 30/46 MP: 4/4
  2204 | D:3      | Slain by an orc

Illustrated notes

Levels and vault maps discovered:
D:1:      sevenhm_arrival_forest_fort_small_4, layout_basic, st_stairs_10,
          minmay_rat_gold_closets
D:2:      layout_rooms, hellmonk_ecumenical_altar_arch_garden
D:3:      kennysheep_goblin_castle, layout_loops_ring

Skill      XL: |  1  2  3  4 |
---------------+-------------+-----
Fighting       | 4 |  4.1
Armour         | 4 |  4.5
Shields        | 4 |  4.5
Axes           | 3 4 |  4.3
Dodging        | 1 |  1.4

Action                   |  1- 3 |  4- 6 || total
-------------------------+-------+-------++-------
Melee: War axe           |    88 |    52 ||   140
       Headbutt          |     8 |     7 ||    15
  Use: Scroll            |       |     6 ||     6
Armor: Scale mail        |    64 |    23 ||    87
Dodge: Dodged            |    44 |    31 ||    75
Block: Buckler           |    23 |    17 ||    40
